 Dungeon Crawl Stone Soup version 0.27.0-66-gdc8fb28755 (webtiles) character file.

Game seed: 7037436355258224423

511 horus123 the Chopper (level 7, -3/136 HPs)
             Began as a Hill Orc Fighter on Aug 19, 2021.
             Killed from afar by a white imp (9 damage)
             ... with a puff of frost
             ... summoned by Xom
             ... on level 4 of the Dungeon.
             The game lasted 00:09:56 (3924 turns).

horus123 the Chopper (Hill Orc Fighter)             Turns: 3924, Time: 00:09:57

Health: -3/136     AC: -12   Str: 21    XL:     7   Next: 19%
Magic:  7/7        EV:  2    Int:  8    God:
Gold:   113        SH: 11    Dex: 10    Spells: 6/6 levels left

rFire    . . .     SeeInvis .   a - +2 war axe
rCold    . . .     Faith    .   c - +2 kite shield
rNeg     + + +     Spirit   .   (armour currently unavailable)
rPois    +         Reflect  .   (helmet currently unavailable)
rElec    .         Harm     .   (cloak currently unavailable)
rCorr    .         Rampage  .   (gloves currently unavailable)
Will     +....     NoTele   +   (boots currently unavailable)
Stlth    ..........             (no amulet)
HPRegen  0.32/turn              f - ring of willpower
MPRegen  0.10/turn              (no ring)

@: berserking, tree-form, corroded, very quick
A: stationary, stasis, torment immunity, boosted hp
a: no special abilities


You were on level 4 of the Dungeon.
You were a tree.
You visited 1 branch of the dungeon, and saw 4 of its levels.

You collected 113 gold pieces.

Inventory:

Hand Weapons
 a - a +2 war axe (weapon)
Missiles
 b - 2 throwing nets (quivered)
Armour
 c - a +2 kite shield (worn)
 h - a +0 chain mail (melded)
 i - a +0 pair of boots (melded)
Jewellery
 f - a ring of willpower (left branch)
Scrolls
 m - 2 scrolls of identify
Potions
 d - a potion of resistance {unknown}
 g - a potion of berserk rage
 j - 3 potions of invisibility
 l - a potion of cancellation {unknown}


   Skills:
 * Level 5.3 Fighting
 + Level 6.3 Axes
 + Level 5.0 Armour
 + Level 0.5 Dodging
 + Level 0.3 Stealth
 + Level 4.6 Shields


You had 6 spell levels left.
You didn't know any spells.
Your spell library contained the following spells:

 Spells                   Type           Power      Damage    Failure   Level
 Magic Dart               Conj           0%         1d3       86%         1
 Call Imp                 Summ           0%         N/A       94%         2
 Call Canine Familiar     Summ           0%         N/A       99%         3
 Mephitic Cloud           Conj/Pois/Air  0%         N/A       99%         3
 Portal Projectile        Hex/Tloc       0%         N/A       99%         3
 Leda's Liquefaction      Hex/Erth       0%         N/A       100%        4


Dungeon Overview and Level Annotations

Branches:
Dungeon (4/15)
 Temple: D:4-7

Altars:
Qazlal
Xom

Shops:
D:4 *


Message History

The rust devil corrodes you!
You barely miss the rust devil.
The rust devil is lightly wounded.
You hit the crimson imp but do no damage.
You barely miss the hellwing. You hit the rust devil.
You hit the rust devil but do no damage.
You block the crimson imp's attack. The hellwing completely misses you.
The hellwing hits you. The orange demon stings you from afar.
The rust devil hits you. The rust devil corrodes you!
You block the rust devil's attack. x2
Unknown command.
Your shield prevents you from hitting the rust devil.
The rust devil is lightly wounded.
You hit the crimson imp but do no damage.
You hit the hellwing but do no damage. You completely miss the rust devil.
You hit the rust devil but do no damage.
The crimson imp blinks!
The hellwing hits you.
* * * LOW HITPOINT WARNING * * *
The hellwing hits you.
* * * LOW HITPOINT WARNING * * *
You block the orange demon's attack. The rust devil completely misses you.
The rust devil hits you.
* * * LOW HITPOINT WARNING * * *
The rust devil corrodes you! You block the rust devil's attack.
You hit the rust devil.
The rust devil is lightly wounded.
You hit the white imp. You hit the hellwing but do no damage.
You hit the rust devil but do no damage.
You completely miss the rust devil.
The crimson imp blinks!
You block the hellwing's attack. The hellwing hits you.
* * * LOW HITPOINT WARNING * * *
You block the orange demon's attack. The rust devil hits you!
* * * LOW HITPOINT WARNING * * *
The rust devil corrodes you! You block the rust devil's attack.
The rust devil hits you!
* * * LOW HITPOINT WARNING * * *
The rust devil corrodes you! The white imp gestures at you.
The puff of frost hits you!
You die...

#......##.....#
#.#....##.#.#.#
#.#.......#.#.#
............<#.#
....#...........#
#.###.#.>####.###
#. #.##...455# #.
#####44########
#.######4♣44......
#..5..§.5########.
##########


You could see an orange demon (summoned), 2 hellwings, 3 rust devils, a crimson
imp (summoned), 2 white imps and a shadow imp (summoned).

Vanquished Creatures
  Grinder (D:4)
  The ghost of onlghost the Chopper, an amateur GrMo (D:3)
  A centaur skeleton (D:4)
  Robin (D:3)
  7 gnolls
  4 adders
  A dart slug (D:1)
  6 orcs (D:3)
  5 bats
  6 endoplasms
  A giant cockroach (D:3)
  12 goblins
  9 hobgoblins
  19 jackals
  4 quokkas (D:1)
  2 ball pythons (D:3)
  10 frilled lizards
  5 kobolds
  4 rats
99 creatures vanquished.

Vanquished Creatures (others)
  2 demonic plants (D:2)
2 creatures vanquished.

Grand Total: 101 creatures vanquished

Notes
Turn   | Place    | Note
-------+----------+-------------------------------------------
     0 | D:1      | horus123 the Hill Orc Fighter began the quest for the Orb.
     0 | D:1      | Reached XP level 1. HP: 19/19 MP: 1/1
    60 | D:1      | Reached XP level 2. HP: 21/27 MP: 2/2
   439 | D:1      | Found a stormy altar of Qazlal.
   849 | D:1      | Reached skill level 3 in Axes
   921 | D:1      | Reached XP level 3. HP: 30/33 MP: 3/3
  1313 | D:2      | Reached XP level 4. HP: 15/40 MP: 4/4
  2023 | D:2      | Noticed a balrug
  2038 | D:2      | Found a faded altar of an unknown god.
  2046 | D:2      | Became a worshipper of Xom of Malicious Giggling
  2278 | D:2      | Reached skill level 4 in Axes
  2428 | D:2      | XOM: cloud trail
  2587 | D:3      | Noticed Robin
  2594 | D:3      | Reached XP level 5. HP: 46/47 MP: 5/5
  2601 | D:3      | Killed Robin
  2621 | D:3      | Fell from the grace of Xom
  2864 | D:3      | Reached skill level 5 in Axes
  3136 | D:3      | XOM: torment (25/47 hp)
  3335 | D:3      | Found a runed translucent gate.
  3335 | D:3      | Found a runed translucent gate.
  3335 | D:3      | Found a runed translucent gate.
  3335 | D:3      | Noticed onlghost's ghost (amateur GrMo)
  3356 | D:3      | Killed onlghost's ghost
  3357 | D:3      | Reached XP level 6. HP: 50/55 MP: 6/6
  3654 | D:4      | Found Oguehasemi's General Store.
  3850 | D:4      | Noticed Grinder
  3870 | D:4      | Paralysed by Grinder for 7 turns
  3879 | D:4      | Killed Grinder
  3880 | D:4      | Reached skill level 5 in Fighting
  3880 | D:4      | Reached skill level 6 in Axes
  3880 | D:4      | Reached skill level 5 in Armour
  3880 | D:4      | Reached XP level 7. HP: 18/61 MP: 7/7
  3915 | D:4      | XOM: summons 10 hostile demons
  3916 | D:4      | Noticed a hellwing
  3916 | D:4      | Noticed a rust devil
  3916 | D:4      | Noticed a rust devil
  3916 | D:4      | Noticed a rust devil
  3916 | D:4      | Noticed an orange demon
  3916 | D:4      | Noticed a hellwing
  3924 | D:4      | HP: 6/136 [rust devil[Xom] (8)]
  3924 | D:4      | Killed from afar by a white imp

Illustrated notes

Levels and vault maps discovered:
D:1:      mushboom_english_gardens, layout_basic, minmay_hexomino_r4
D:2:      layout_basic, dreamdust_ecumenical_altar_sealed_demon
D:3:      layout_basic, ebering_ghost_rock_garden, minmay_misc_feat_x,
          uniq_robin
D:4:      layout_basic, serial_shops, nicolae_diamond_shop,
          uniq_crazy_yiuf_cottage, uniq_grinder

Skill      XL: |  1  2  3  4  5  6 |
---------------+-------------------+-----
Axes           | 3 4 5 6 |  6.3
Fighting       | 4 5 |  5.3
Armour         | 4 5 |  5.0
Shields        | 4 |  4.6
Dodging        | |  0.5
Stealth        | |  0.3

Action                   |  1- 3 |  4- 6 |  7- 9 || total
-------------------------+-------+-------+-------++-------
Melee: War axe           |    72 |   180 |     6 ||   258
Invok: Renounce Religion |       |     1 |       ||     1
  Use: Scroll            |     3 |     7 |     1 ||    11
       Potion            |       |     1 |     2 ||     3
Armor: Scale mail        |    10 |       |       ||    10
       Chain mail        |    64 |   114 |       ||   178
       Skin              |       |       |    10 ||    10
Dodge: Dodged            |    34 |    27 |     6 ||    67
Block: Kite shield       |    71 |   135 |    15 ||   221
